 Dungeon Crawl Stone Soup version 0.17-a0-1636-g3119f2b (console) character file.

1089 maniek23 the Sneak (level 8, -8/60 HPs)
             Began as a Demonspawn Assassin on Aug 5, 2015.
             Mangled by a mummy (18 damage)
             ... in an ossuary.
             The game lasted 00:39:36 (5620 turns).

maniek23 the Sneak (Demonspawn Assassin)            Turns: 5620, Time: 00:39:36

Health: -8/60      AC: 15    Str: 12    XL:     8   Next: 9%
Magic:  8/8        EV: 12    Int: 13    God:
Gold:   241        SH:  0    Dex: 14    Spells: 0 memorised, 7 levels left

rFire  . . .     SeeInvis .     a - +2 dagger
rCold  . . .     Clarity  .     I - +0 leather armour
rNeg   . . .     SustAt   .     (no shield)
rPois  .         Gourm    .     y - +0 helmet "Hairauja" {rElec rCorr}
rElec  +         Spirit   .     d - +0 cloak
rCorr  +         Warding  .     (no gloves)
rMut   .         Stasis   .     G - +2 pair of boots
MR     .....                    (no amulet)
Stlth  +++.......               (no ring)
                                r - ring of wizardry

@: drained, not resistant to hostile enchantments, fairly stealthy
A: rough black scales 2, demonic guardian 1, foul stench 1, rot immunity
a: no special abilities


You were in an ossuary.
You were not hungry.

You visited 2 branches of the dungeon, and saw 7 of its levels.
You also visited: Ossuary.

You collected 241 gold pieces.

Inventory:

Hand weapons
 a - a +2 dagger (weapon)
 b - a +0 blowgun
 C - a +0 rapier of draining
Missiles
 e - 7 poisoned needles
 f - 2 curare-tipped needles
 h - 7 sling bullets of frost
 k - 84 stones (quivered)
 x - 3 javelins
 E - 2 throwing nets
Armour
 c - a +0 robe
 d - a +0 cloak (worn)
 y - the +0 helmet "Hairauja" (worn) {rElec rCorr}
   (You took it off Robin on level 3 of the Dungeon)

   It insulates you from electricity.
   It protects you from acid and corrosion.
 G - a +2 pair of boots (worn)
 H - a +0 ring mail
 I - a +0 leather armour (worn)
Jewellery
 r - a ring of wizardry (left hand)
Magical devices
 J - a wand of slowing (29)
Scrolls
 j - 3 scrolls of remove curse {unknown}
 m - a scroll of recharging
 p - 2 scrolls of identify
 t - 2 scrolls of teleportation
 u - 2 scrolls of amnesia {unknown}
 v - a scroll of blinking {unknown}
 A - a scroll of enchant weapon {unknown}
 B - 2 scrolls of fear {unknown}
Potions
 i - 3 potions of agility
 l - a potion of heal wounds {unknown}
 n - a potion of invisibility {unknown}
 q - a potion of flight {unknown}
 w - a potion of lignification {unknown}
 z - 2 potions of magic {unknown}
 D - a potion of curing {unknown}
 F - a potion of resistance
 K - a potion of poison {unknown}
Comestibles
 g - 3 bread rations
 o - 2 meat rations
 s - a beef jerky


   Skills:
 + Level 4.1(3.1) Fighting
 + Level 4.1(3.1) Short Blades
 + Level 4.3(3.3) Throwing
 + Level 3.7(2.7) Dodging
 + Level 5.8(4.8) Stealth


You had 7 spell levels left.
You didn't know any spells.

Dungeon Overview and Level Annotations

Branches:
Dungeon (6/15)             Temple (1/1) D:5

Altars:
Cheibriados
Elyvilon
Fedhas
Gozag
Kikubaaqudgha
Nemelex Xobeh
Okawaru
Qazlal
Ru
Sif Muna
Trog
Vehumet
Xom
Yredelemnul
Zin
The Shining One

Shops:
D:5 }


Innate Abilities, Weirdness & Mutations

You are mostly covered in rough black scales (AC +7, Dex -2).
A weak demonic guardian rushes to your aid.
You may emit foul miasma when damaged in melee.
You are immune to rotting.


Message History

* * * LOW HITPOINT WARNING * * *
You are too injured to fight recklessly!
You are too injured to fight recklessly!
You are too injured to fight recklessly!
You are too injured to fight recklessly!
You are too injured to fight recklessly!
You are too injured to fight recklessly!
You are too injured to fight recklessly!
You hit the mummy.
The mummy is severely damaged.
You hit the mummy.
The mummy is severely damaged.
The mummy hits you!
* * * LOW HITPOINT WARNING * * *
You barely miss the mummy.
The mummy is severely damaged.
You hit the mummy.
The mummy is almost destroyed.
The mummy hits you!!
You die...

^^# #.^.# ^^# #.^.#
^^# #^^^# .^# #^.^#
#'# ##'## .^# #...#
..##### ###### #...#
..#...#!!!!#...#...#
..'.∩.#!([!+.∩.M@..#
..#...#!!?!#...#...#
####### ###### #####


You could see a mummy.

Vanquished Creatures
  Prince Ribbit (D:6)
  Eustachio (D:5)
  An ogre (D:4)
  A sky beast (D:5)
  A crimson imp (D:6)
  4 hounds (D:4)
  2 worker ants
  A big kobold zombie (Ossuary)
  A mummy (Ossuary)
  Robin (D:3)
  4 gnolls (D:3)
  5 adders
  2 oozes
  6 adder zombies (Ossuary)
  2 adder skeletons
  2 worms
  An orc (D:5)
  2 ball pythons
  6 bats
  5 giant cockroaches
  7 gnoll zombies (Ossuary)
  10 hobgoblins
  6 jackals
  2 quokkas
  2 giant geckos (D:4)
  7 giant newts
  11 goblins
  3 hobgoblin zombies (Ossuary)
  6 kobolds
  4 kobold zombies (Ossuary)
  6 orc zombies (Ossuary)
  8 rats
121 creatures vanquished.

Vanquished Creatures (collateral kills)
  Sigmund (D:2)
  A water moccasin zombie (Ossuary)
  A hobgoblin zombie (Ossuary)
  A quokka skeleton (D:6)
4 creatures vanquished.

Grand Total: 125 creatures vanquished

Notes
Turn   | Place    | Note
--------------------------------------------------------------
     0 | D:1      | maniek23 the Demonspawn Assassin began the quest for the Orb.
     0 | D:1      | Reached XP level 1. HP: 16/16 MP: 1/1
    64 | D:1      | Reached skill level 1 in Dodging
   191 | D:1      | Gained mutation: A weak demonic guardian rushes to your aid. [demonic ancestry]
   191 | D:1      | Reached XP level 2. HP: 22/22 MP: 2/2
   368 | D:1      | Found a sparkling altar of Nemelex Xobeh.
   370 | D:1      | Reached skill level 4 in Stealth
   934 | D:2      | Noticed Sigmund
   946 | D:2      | Killed Sigmund
   946 | D:2      | Gained mutation: You are immune to rotting. [demonic ancestry]
   946 | D:2      | Reached XP level 3. HP: 13/28 MP: 3/3
   946 | D:2      | Reached XP level 4. HP: 15/34 MP: 4/4
  1110 | D:2      | Gained mutation: You are partially covered in rough black scales (AC +4, Dex -1). [demonic ancestry]
  1110 | D:2      | Reached XP level 5. HP: 26/39 MP: 5/5
  1234 | D:2      | Found a sacrificial altar of Ru.
  1907 | D:3      | Noticed Robin
  1965 | D:3      | Killed Robin
  1968 | D:3      | Got a transparent helmet
  1979 | D:3      | Identified the +0 helmet "Hairauja" {rElec rCorr} (You took it off Robin on level 3 of the Dungeon)
  3115 | D:4      | Gained mutation: You are mostly covered in rough black scales (AC +7, Dex -2). [demonic ancestry]
  3115 | D:4      | Reached XP level 6. HP: 46/46 MP: 6/6
  3295 | D:4      | Noticed an ogre
  3314 | D:4      | Killed an ogre
  3562 | D:4      | Reached skill level 5 in Stealth
  3654 | D:4      | Found a glowing golden altar of the Shining One.
  3815 | D:4      | Reached XP level 7. HP: 35/52 MP: 7/7
  3911 | D:4      | Found a stormy altar of Qazlal.
  4126 | D:5      | Entered Level 5 of the Dungeon
  4126 | D:5      | Found Gieff's Gadget Shop.
  4365 | D:5      | Found a glowing golden altar of the Shining One.
  4709 | D:5      | Found a staircase to the Ecumenical Temple.
  4717 | Temple   | Entered the Ecumenical Temple
  4866 | D:6      | Noticed Prince Ribbit
  4896 | D:6      | Killed Prince Ribbit
  4910 | D:6      | Noticed Eustachio
  4946 | D:5      | Killed Eustachio
  5278 | D:6      | Found a sand-covered staircase.
  5288 | Ossuary  | Entered an ossuary
  5412 | Ossuary  | Gained mutation: You may emit foul miasma when damaged in melee. [demonic ancestry]
  5412 | Ossuary  | Reached XP level 8. HP: 51/60 MP: 8/8
  5620 | Ossuary  | Mangled by a mummy

Vault maps used:
D:1:      co_arrival_random_square_maze, minmay_misc_feat_nine_boxes,
          nemelex_deck
D:2:      overflow_temple_1_default, uniq_sigmund
D:3:      uniq_robin
D:4:      nicolae_overflow_hidden_temple, nicolae_tso_swordbearing_angel
D:5:      lemuel_crystal_altar, minmay_temple_entry_large_hall, first_bread,
          serial_shops, shop
D:6:      makhleb_heckhound_becter, enter_ossuary_1, corexii_checkpoint_b,
          serial_bayou_pond_b, sigmund_army, uniq_eustachio, uniq_grinder,
          uniq_prince_ribbit1
Temple:   nicolae_temple_god_jail
Ossuary:  ossuary_tomb_2

Action                   |  1- 3 |  4- 6 |  7- 9 || total
-------------------------+-------+-------+-------++-------
Melee: Dagger            |    61 |   289 |   361 ||   711
 Fire: Blowgun           |     5 |     7 |     9 ||    21
Throw: Stone             |       |    35 |    24 ||    59
       Javelin           |       |     2 |       ||     2
  Use: Scroll            |       |       |     3 ||     3
 Stab: Sleeping          |     4 |     7 |     1 ||    12
       Distracted        |       |     1 |     1 ||     2
  Eat: Chunk             |       |     9 |     5 ||    14
       Bread ration      |       |       |     1 ||     1
